[Event "Late Titled Tuesday Blitz February 8 2022"]
[White "Sarkar, Justin"]
[Black "Vovk, Orest"]
[WhiteFideId "2010011"]
[BlackFideId "14113490"]
[WhiteElo "2038"]
[BlackElo "2203"]
[Result "0-1"]
[Round "05"]
[TimeControl "180+1"]
[Date "2022.02.09"]
[WhiteClock "0:00:02"]
[BlackClock "0:00:06"]

1. d4 e5 2. dxe5 Nc6 3. Nf3 Qe7 4. Nc3 Nxe5 5. Nd5 Nxf3+ 6. gxf3 Qd8 7. Bf4 d6 8. Qd4 Be6 9. O-O-O c6 10. Nc3 Qa5 11. Bxd6 O-O-O 12. Qe5 Qxe5 13. Bxe5 Rxd1+ 14. Kxd1 Nf6 15. a3 Be7 16. e3 Rd8+ 17. Kc1 g6 18. Bd3 Nd5 19. Nxd5 Rxd5 20. f4 Bd6 21. e4 Bxe5 22. exd5 Bxd5 23. Re1 Bxf4+ 24. Kb1 Bxh2 25. Re8+ Kd7 26. Rh8 h5 27. c4 Be6 28. Kc2 Bg1 29. f4 Bf2 30. f5 gxf5 31. Rxh5 f4 32. Bf5 Bd4 33. b3 f3 34. Kd3 f2 35. Bxe6+ fxe6 36. Ke2 c5 37. Rh7+ Kc6 38. b4 a6 39. Re7 e5 40. Re6+ Kd7 41. Rb6 Kc7 42. Re6 cxb4 43. axb4 b6 44. Re7+ Kb8 45. Re8+ Kb7 46. Re7+ Kc6 47. Ra7 a5 48. bxa5 bxa5 49. Rxa5 Kb6 50. Rd5 Kc6 51. Rd8 Kc5 52. Rc8+ Kb4 53. Rc7 e4 54. Rc8 e3 55. c5 Bxc5 56. Rb8+ Kc4 57. Rc8 Kd5 58. Rd8+ Ke6 59. Re8+ Kd7 60. Rg8 Bb4 61. Rg5 Bd2 62. Rd5+ Ke6 63. Rb5 Bc3 64. Rc5 Bd4 65. Rb5 Kd6 66. Rg5 Kc6 67. Rf5 Bc5 68. Rf6+ Kb5 69. Rf4 Ba7 70. Re4 Kc6 71. Rf4 Kd5 72. Rg4 Ke5 73. Rh4 Kf5 74. Rc4 Bb8 75. Rc5+ Kg4 76. Rc4+ Kg3 77. Kf1 Kf3 78. Rc2 Kg3 79. Rb2 Be5 80. Rc2 Bd4 81. Rc8 Be5 0-1


[Site "https://www.chess.com"]

[Event "Late Titled Tuesday Blitz February 8 2022"]
[White "Sevian, Samuel"]
[Black "Kosteniuk, Alexandra"]
[WhiteFideId "2040506"]
[BlackFideId "4128125"]
[WhiteElo "2698"]
[BlackElo "2469"]
[Result "1-0"]
[Round "05"]
[TimeControl "180+1"]
[Date "2022.02.08"]
[WhiteClock "0:00:21"]
[BlackClock "0:00:08"]

1. e4 e5 2. Nf3 Nc6 3. Bc4 Bc5 4. c3 Nf6 5. d3 O-O 6. Bg5 Be7 7. Nbd2 a5 8. a4 d6 9. Nf1 Nh5 10. Bxe7 Qxe7 11. g3 Be6 12. Ne3 Bxc4 13. dxc4 g6 14. h4 f6 15. Nd5 Qf7 16. Qb3 b6 17. O-O-O Nd8 18. g4 Nf4 19. Nxf4 exf4 20. h5 g5 21. Rd5 Ne6 22. h6 Nc5 23. Qc2 Rfe8 24. Nd2 Re5 25. f3 Rae8 26. b3 R5e6 27. Rf5 Re5 28. Kb2 Kh8 29. Rd1 Qg6 30. Rh1 Nb7 31. Nb1 Nd8 32. Na3 Nc6 33. Nb5 Rc8 34. Qd2 Rxf5 35. gxf5 Qf7 36. Qe2 Ne5 37. Nd4 c6 38. Ne6 Qe7 39. Rd1 Rb8 40. Qf2 Kg8 41. Qe2 Nf7 42. Qh2 Ne5 43. Qh5 Nf7 44. Rg1 Rb7 45. Qh2 b5 46. axb5 cxb5 47. c5 dxc5 48. Qxf4 Rd7 49. Qb8+ Nd8 50. f4 Kf7 51. fxg5 fxg5 52. Nxg5+ Kf6 53. e5+ Kxf5 54. Qc8 Ne6 55. Nf3 Qd8 56. Qc6 Rd2+ 57. Kc1 Rf2 58. Rd1 Qg8 59. Nd2 Qg4 60. Qd7 Qg3 61. Qxh7+ Kxe5 62. Qe4+ Kf6 63. Qc2 Nf4 64. Ne4+ Ke5 65. Nxg3 Rxc2+ 66. Kxc2 1-0


[Site "https://www.chess.com"]

[Event "Late Titled Tuesday Blitz February 8 2022"]
[White "Shevchenko, Kirill"]
[Black "Nogerbek, Kazybek"]
[WhiteFideId "14129574"]
[BlackFideId "13710427"]
[WhiteElo "2624"]
[BlackElo "2478"]
[Result "0-1"]
[Round "05"]
[TimeControl "180+1"]
[Date "2022.02.08"]
[WhiteClock "0:00:01"]
[BlackClock "0:00:11"]

1. e4 c5 2. c3 d5 3. exd5 Qxd5 4. d4 Nf6 5. Nf3 e6 6. Na3 Nc6 7. Be3 cxd4 8. Nb5 Qd7 9. Nbxd4 Be7 10. Bd3 O-O 11. Qe2 Qc7 12. Nxc6 Qxc6 13. Bd4 Rd8 14. O-O-O Bd7 15. Kb1 Be8 16. Ne5 Qc7 17. h4 Bc5 18. Bxc5 Qxc5 19. h5 h6 20. g4 Ba4 21. Rd2 Rd5 22. f4 Rad8 23. g5 hxg5 24. h6 gxh6 25. Qh2 h5 26. fxg5 Rxe5 27. gxf6 Kf8 28. Qf4 Qe3 29. Qb4+ Rc5 30. b3 Bb5 31. Bc2 Rxd2 32. Rxh5 Ke8 33. Qxc5 Qxc5 34. Rxc5 Bc6 35. Rg5 Rf2 36. Rg8+ Kd7 37. c4 Rxf6 38. Kb2 Rf2 39. Kc3 a5 40. a3 Rf3+ 41. Kd4 b6 42. Rg7 Kd6 43. Bd3 e5+ 44. Kc3 e4 45. b4 Rxd3+ 46. Kc2 axb4 47. axb4 f5 48. Rg6+ Kc7 49. Rf6 Bd7 50. c5 bxc5 51. bxc5 Rd5 52. c6 Rc5+ 53. Kd2 Rxc6 54. Rf8 Rd6+ 55. Ke3 Rd3+ 56. Kf4 Rf3+ 57. Ke5 e3 58. Ra8 e2 59. Ra7+ Kd8 60. Kd6 Rd3+ 61. Kc5 e1=Q 62. Ra8+ Ke7 63. Kb6 Qe3+ 64. Kb7 Qe4+ 65. Kc7 Qc6+ 66. Kb8 Rb3+ 67. Ka7 Qb7# 0-1


[Site "https://www.chess.com"]

[Event "Late Titled Tuesday Blitz February 8 2022"]
[White "Shoker, Samy"]
[Black "Guz, Ari"]
[WhiteFideId "627143"]
[BlackFideId "2825759"]
[WhiteElo "2493"]
[BlackElo "1913"]
[Result "1-0"]
[Round "05"]
[TimeControl "180+1"]
[Date "2022.02.08"]
[WhiteClock "0:00:18"]
[BlackClock "0:00:12"]

1. Nf3 Nf6 2. g3 b6 3. Bg2 Bb7 4. O-O g6 5. b3 Bg7 6. Bb2 O-O 7. d3 c5 8. e4 d6 9. Nfd2 Qc7 10. f4 Nbd7 11. Nc3 a6 12. Rb1 b5 13. h3 Nb6 14. g4 Nfd7 15. Ne2 Bxb2 16. Rxb2 c4 17. bxc4 bxc4 18. Rb1 cxd3 19. cxd3 Rab8 20. d4 Rfc8 21. f5 Nc4 22. Rc1 Ndb6 23. fxg6 hxg6 24. Qb3 d5 25. Nxc4 Nxc4 26. e5 e6 27. Nf4 Qb6 28. Qd3 Nxe5 29. Qe3 Rxc1 30. Rxc1 Nc4 31. Qf2 Bc6 32. Nd3 Be8 33. h4 Qd8 34. h5 Qg5 35. hxg6 Qxg6 36. Qe2 Bb5 37. Nf4 Qg5 38. Qf3 Nd2 39. Qe3 Nc4 40. Qg3 Nd6 41. Rc7 Rc8 42. Nxe6 Rxc7 43. Nxg5 Rc1+ 44. Kh2 Nc4 45. Qb8+ Kg7 46. Qf4 Be8 47. Qxc1 1-0


[Site "https://www.chess.com"]

[Event "Late Titled Tuesday Blitz February 8 2022"]
[White "Sjugirov, Sanan"]
[Black "Andreikin, Dmitry"]
[WhiteFideId "4189302"]
[BlackFideId "4158814"]
[WhiteElo "2602"]
[BlackElo "2736"]
[Result "1/2-1/2"]
[Round "05"]
[TimeControl "180+1"]
[Date "2022.02.08"]
[WhiteClock "0:00:16"]
[BlackClock "0:01:09"]

1. e4 e5 2. Nf3 Nc6 3. Bb5 Nf6 4. O-O Nxe4 5. d4 Nd6 6. Bxc6 dxc6 7. dxe5 Nf5 8. Qxd8+ Kxd8 9. Nc3 Ke8 10. h3 h5 11. Bf4 Be7 12. Rad1 Nh4 13. Nxh4 Bxh4 14. Ne2 Be7 15. Rfe1 g5 16. Bh2 g4 17. hxg4 Bxg4 18. f3 Bf5 19. Nd4 Bc5 20. Kf1 Bxd4 21. Rxd4 Rd8 22. Rxd8+ Kxd8 23. c3 Ke7 24. Bf4 Ke6 25. Bg5 a5 26. Kf2 a4 27. Bf6 Ra8 28. a3 Ra5 29. Rd1 Rb5 30. Rd2 Rd5 31. Rxd5 Kxd5 32. Ke3 Kc4 33. Kd2 Kb3 34. Kc1 c5 35. Bd8 c6 36. Be7 c4 37. g3 1/2-1/2


[Site "https://www.chess.com"]

[Event "Late Titled Tuesday Blitz February 8 2022"]
[White "Smirnov, Pavel"]
[Black "Mortazavi, Ali"]
[WhiteFideId "4123425"]
[BlackFideId "401323"]
[WhiteElo "2571"]
[BlackElo "2339"]
[Result "1-0"]
[Round "05"]
[TimeControl "180+1"]
[Date "2022.02.09"]
[WhiteClock "0:01:11"]
[BlackClock "0:00:03"]

1. d4 Nf6 2. c4 g6 3. g3 Bg7 4. Bg2 O-O 5. Nf3 d6 6. O-O Nbd7 7. Nc3 e5 8. b3 Re8 9. e4 c6 10. Be3 Qa5 11. Rc1 Ng4 12. Bd2 exd4 13. Nb5 Qd8 14. Nxd6 Rf8 15. Ng5 Nge5 16. f4 Nd3 17. Rc2 N7c5 18. e5 f6 19. exf6 Bxf6 20. Nge4 Be7 21. Nxc8 Qxc8 22. Qe2 Re8 23. f5 gxf5 24. Nxc5 Nxc5 25. Qh5 Rf8 26. Bh6 Rf7 27. Bh3 Qe6 28. Bxf5 Qd6 29. Rcf2 a5 30. Be6 Qxe6 31. Qxf7+ Qxf7 32. Rxf7 Re8 33. Rxe7 Rxe7 34. Rf8# 1-0


[Site "https://www.chess.com"]

[Event "Late Titled Tuesday Blitz February 8 2022"]
[White "Song, Guannan Terry"]
[Black "Kosakowski, Jakub"]
[WhiteFideId "2614189"]
[BlackFideId "1185080"]
[WhiteElo "2115"]
[BlackElo "2476"]
[Result "1/2-1/2"]
[Round "05"]
[TimeControl "180+1"]
[Date "2022.02.08"]
[WhiteClock "0:00:04"]
[BlackClock "0:00:04"]

1. e4 e5 2. Nf3 Nf6 3. d4 Nxe4 4. Bd3 d5 5. Nxe5 Nd7 6. Nxd7 Bxd7 7. Nd2 Nxd2 8. Bxd2 Bd6 9. O-O O-O 10. Qh5 f5 11. Qf3 c6 12. Bf4 Qc7 13. Bxd6 Qxd6 14. Rfe1 Rae8 15. c3 Re7 16. h3 Rfe8 17. Re3 Rxe3 18. fxe3 g6 19. Qf4 Qe7 20. Re1 Kg7 21. h4 h6 22. Qf2 Bc8 23. g3 b6 24. a3 c5 25. Bf1 c4 26. Bg2 Be6 27. Qf4 Bf7 28. Qf2 b5 29. Bf3 a5 30. Qg2 Qd6 31. Kf2 b4 32. axb4 axb4 33. Re2 g5 34. hxg5 hxg5 35. g4 fxg4 36. Bxg4 Bg6 37. Kg1 Rh8 38. Bf3 Rh4 39. Rf2 bxc3 40. bxc3 Kh6 41. Bxd5 Qa3 42. Qf1 Qxc3 43. Rf3 Qd2 44. Qf2 c3 45. Qxd2 cxd2 46. Bb3 Bh5 47. Rf6+ Kg7 48. Rf1 Rh3 49. Bd1 g4 50. Rf2 Rxe3 51. Rxd2 Kf6 52. Kf2 Ra3 53. d5 Ke7 54. d6+ Kd7 55. Be2 g3+ 56. Kg2 Bg6 57. Bf3 Bd3 58. Kxg3 Be4 59. Rf2 Kxd6 60. Kf4 Bxf3 61. Rxf3 Rxf3+ 62. Kxf3 1/2-1/2


[Site "https://www.chess.com"]

[Event "Late Titled Tuesday Blitz February 8 2022"]
[White "Stanisz, Patryk"]
[Black "Jarocka, Liwia"]
[WhiteFideId "1123106"]
[BlackFideId "21807558"]
[WhiteElo "1876"]
[BlackElo "1896"]
[Result "1/2-1/2"]
[Round "05"]
[TimeControl "180+1"]
[Date "2022.02.09"]
[WhiteClock "0:00:04"]
[BlackClock "0:00:50"]

1. Nf3 d6 2. c4 Nf6 3. Nc3 g6 4. b3 Bg7 5. Bb2 e5 6. e3 O-O 7. d4 exd4 8. exd4 Re8+ 9. Be2 Bg4 10. O-O Nc6 11. d5 Bxf3 12. Bxf3 Ne5 13. Be2 a5 14. h3 Ned7 15. Nb5 Nc5 16. Bf3 Qd7 17. Qc2 Re7 18. Rae1 Rae8 19. Rxe7 Rxe7 20. Qd2 b6 21. Re1 Nfe4 22. Bxe4 Nxe4 23. Qc2 Bxb2 24. Qxb2 Nc5 25. Qd2 f6 26. Re3 Re5 27. f4 Re4 28. Qe1 f5 29. Rxe4 fxe4 30. Qh4 Kg7 31. Nd4 Qe8 32. f5 Qe5 33. Ne6+ Nxe6 34. fxe6 e3 35. Qe7+ Kh6 36. Qf8+ Kh5 37. Qf3+ Kh6 38. Qf8+ Kh5 39. Qf3+ Kh6 40. Qf8+ 1/2-1/2


[Site "https://www.chess.com"]

[Event "Late Titled Tuesday Blitz February 8 2022"]
[White "Stankovic, Ivan G"]
[Black "Einarsson, Halldor Gretar"]
[WhiteFideId "902837"]
[BlackFideId "2300150"]
[WhiteElo "2195"]
[BlackElo "2114"]
[Result "1-0"]
[Round "05"]
[TimeControl "180+1"]
[Date "2022.02.09"]
[WhiteClock "0:00:48"]
[BlackClock "0:01:02"]

1. e4 e5 2. d4 exd4 3. Qxd4 Nc6 4. Qe3 g6 5. Nc3 Bg7 6. Bd2 Nf6 7. Nge2 O-O 8. O-O-O Re8 9. Nf4 Nxe4 10. Nxe4 d5 11. Nxd5 Bf5 12. Ndc3 Bxc3 13. Bxc3 Rxe4 14. Rxd8+ Rxd8 15. Qh6 Ne5 16. Bd3 Rxd3 17. cxd3 Nxd3+ 18. Kd2 Ne5 19. Re1 Nc4+ 20. Kd1 1-0


[Site "https://www.chess.com"]

[Event "Late Titled Tuesday Blitz February 8 2022"]
[White "Stoleriu, George"]
[Black "Kopylov, Alexander A."]
[WhiteFideId "1227505"]
[BlackFideId "4164857"]
[WhiteElo "2620"]
[BlackElo "2796"]
[Result "0-1"]
[Round "05"]
[TimeControl "180+1"]
[Date "2022.02.09"]
[WhiteClock "0:00:02"]
[BlackClock "0:00:48"]

1. e4 c6 2. Nf3 d5 3. exd5 cxd5 4. Ne5 g6 5. d4 Bg7 6. Bb5+ Bd7 7. Nxd7 Nxd7 8. c3 Nf6 9. O-O O-O 10. Nd2 a6 11. Bd3 e5 12. dxe5 Nxe5 13. Nf3 Nxd3 14. Qxd3 Qb6 15. Qd4 Qb5 16. a4 Qb3 17. Ra3 Qc2 18. Qd1 Qb1 19. Rb3 Ne4 20. Be3 Qa2 21. Qxd5 Rfd8 22. Qxb7 Nd6 23. Qb4 a5 24. Qa3 Qxa3 25. Rxa3 Nc4 26. Rb3 Rab8 27. Rxb8 Rxb8 28. Rd1 Nxb2 29. Rb1 Bxc3 30. Bd2 Bxd2 31. Nxd2 Rb4 32. h4 Kg7 33. g3 Kf6 34. Rc1 Rxa4 35. Rc6+ Kg7 36. Rc7 Rb4 37. Ra7 a4 38. Nf3 Rb5 39. Ng5 Rf5 40. Kg2 h6 41. Ne4 Rd5 42. Nc3 Rd4 43. Nb5 Rd2 44. Nc3 Rc2 45. Nxa4 Nd3 46. Nb6 Rxf2+ 47. Kg1 Rf3 48. Kg2 Ne1+ 49. Kh3 Rf1 50. Kh2 Rf2+ 51. Kh3 Nf3 52. g4 Ne5 53. Nd5 Rf3+ 54. Kg2 Rd3 55. Nf4 Rd6 56. Kg3 Rc6 57. g5 h5 58. Ra5 Rc3+ 59. Kg2 Nf3 60. Ne2 Nxh4+ 61. Kf2 Rf3+ 62. Ke1 Nf5 63. Ra7 h4 64. Ra4 h3 65. Ng1 h2 0-1


[Site "https://www.chess.com"]

[Event "Late Titled Tuesday Blitz February 8 2022"]
[White "Suarez Uriel, Adrian"]
[Black "Daianu, Cristian-Clement"]
[WhiteFideId "22230874"]
[BlackFideId "1208926"]
[WhiteElo "2316"]
[BlackElo "2159"]
[Result "0-1"]
[Round "05"]
[TimeControl "180+1"]
[Date "2022.02.09"]
[WhiteClock "0:00:05"]
[BlackClock "0:00:16"]

1. d4 d6 2. c4 e5 3. Nf3 e4 4. Nfd2 f5 5. e3 Nf6 6. Nc3 Be7 7. Be2 O-O 8. O-O Kh8 9. f3 exf3 10. Bxf3 c6 11. e4 fxe4 12. Ndxe4 Nbd7 13. Qc2 Qe8 14. b3 Nxe4 15. Nxe4 Nf6 16. Ba3 Qg6 17. Rae1 Bf5 18. Qe2 Rae8 19. Nxf6 Bxf6 20. Qd2 Bd3 21. Rxe8 Rxe8 22. Re1 Bxd4+ 23. Kh1 Rxe1+ 24. Qxe1 Be5 25. Qh4 h6 26. Bc1 Bb1 27. Be3 Bf6 28. Qf4 Qd3 29. Kg1 Bxa2 30. Be4 Qd1+ 31. Kf2 Bb1 32. Bxb1 Qxb1 33. Qxd6 Qxb3 34. c5 Qa2+ 35. Kg3 Qd5 36. Qb8+ Kh7 37. Qxb7 Be5+ 38. Kf2 Qe4 39. Qxa7 Qf5+ 40. Ke2 Qc2+ 41. Kf3 Bxh2 42. Qd7 Qg6 43. Bd4 Qg3+ 44. Ke4 Qxg2+ 45. Kd3 Qf3+ 46. Kc4 Qg2 47. Kb4 Qg6 48. Ka5 h5 49. Kb6 h4 50. Qxc6 h3 51. Qxg6+ Kxg6 52. c6 Bg3 53. Bg1 h2 54. Bxh2 Bxh2 55. c7 Bxc7+ 56. Kxc7 Kf5 0-1


[Site "https://www.chess.com"]

[Event "Late Titled Tuesday Blitz February 8 2022"]
[White "Tan, Jun Ying"]
[Black "Ardila, Oscar Humberto"]
[WhiteFideId "5710413"]
[BlackFideId "4404742"]
[WhiteElo "1827"]
[BlackElo "1898"]
[Result "1-0"]
[Round "05"]
[TimeControl "180+1"]
[Date "2022.02.09"]
[WhiteClock "0:00:41"]
[BlackClock "0:01:04"]

1. Nf3 Nf6 2. b3 g6 3. Bb2 Bg7 4. g3 O-O 5. Bg2 d6 6. d4 Nbd7 7. O-O c6 8. c4 Qc7 9. Nc3 e5 10. Rc1 Re8 11. e3 Nf8 12. b4 Bg4 13. h3 Bd7 14. b5 Rad8 15. bxc6 bxc6 16. Ba3 Be6 17. d5 cxd5 18. cxd5 Bf5 19. Qa4 Qb6 20. Nd2 Rc8 21. Nc4 Qc7 22. Nxd6 Qd7 23. Nxe8 Qxa4 24. Nxf6+ Bxf6 25. Nxa4 Rd8 26. d6 Nd7 27. Rc7 Kg7 28. Rxa7 e4 29. Nc5 Ne5 30. Nxe4 Bxe4 31. Bxe4 Nc4 32. Rd1 Be5 33. d7 f5 34. Be7 1-0


[Site "https://www.chess.com"]

[Event "Late Titled Tuesday Blitz February 8 2022"]
[White "Tang, Andrew"]
[Black "Iskusnyh, Sergei"]
[WhiteFideId "2059630"]
[BlackFideId "4120027"]
[WhiteElo "2584"]
[BlackElo "2492"]
[Result "1-0"]
[Round "05"]
[TimeControl "180+1"]
[Date "2022.02.08"]
[WhiteClock "0:00:10"]
[BlackClock "0:00:02"]

1. d4 d5 2. Bf4 Nf6 3. e3 c5 4. Nc3 cxd4 5. exd4 Bg4 6. Nf3 Nc6 7. Be2 e6 8. h3 Bxf3 9. Bxf3 Bd6 10. Be3 O-O 11. O-O a6 12. Ne2 Qc7 13. Nc1 Rad8 14. Nd3 Ne4 15. c3 f5 16. Qe2 Kh8 17. Rad1 g5 18. Nc5 Qe7 19. Nxe4 fxe4 20. Bg4 Bb8 21. Bc1 Rf7 22. g3 Rdf8 23. Kg2 Qd6 24. Bxg5 Ne7 25. Bh5 Rf5 26. h4 Ng6 27. Bxg6 hxg6 28. Qg4 Kg8 29. Bf4 Rxf4 30. gxf4 Qxf4 31. Qxg6+ Kh8 32. Qh5+ Kg7 33. Qg5+ Qxg5+ 34. hxg5 Rf3 35. Rh1 Bf4 36. Rh3 Rxh3 37. Kxh3 Bxg5 38. Kg4 Kf6 39. f3 exf3 40. Kxf3 b5 41. Ke2 a5 42. Kd3 a4 43. b3 axb3 44. axb3 1-0


[Site "https://www.chess.com"]

[Event "Late Titled Tuesday Blitz February 8 2022"]
[White "Terletsky, Oleg"]
[Black "Villegas, Pierre"]
[WhiteFideId "14116774"]
[BlackFideId "654183"]
[WhiteElo "2050"]
[BlackElo "2410"]
[Result "0-1"]
[Round "05"]
[TimeControl "180+1"]
[Date "2022.02.09"]
[WhiteClock "0:00:01"]
[BlackClock "0:00:57"]

1. e4 c6 2. d4 d5 3. Nc3 b5 4. Bd3 b4 5. Nce2 e6 6. Nf3 Nf6 7. Ng3 Ba6 8. e5 Nfd7 9. O-O Bxd3 10. Qxd3 Be7 11. a3 c5 12. axb4 cxb4 13. Nh5 O-O 14. h4 Bxh4 15. g3 Be7 16. Kg2 f5 17. exf6 Nxf6 18. Nxf6+ Bxf6 19. Rh1 g6 20. Bh6 Rf7 21. Rae1 Qd7 22. Ng5 Bxg5 23. Bxg5 Nc6 24. Rh4 Raf8 25. f4 Ne7 26. Bxe7 Qxe7 27. Re5 Rc8 28. Rh1 Rc6 29. Rhe1 Qc7 30. R1e2 Rf6 31. Kh3 Kg7 32. Kg4 Rc4 33. Kf3 Rc6 34. Kg2 a5 35. Kh3 a4 36. Kg2 Qb7 37. Qe3 Kf7 38. Kf3 Ra6 39. Kg4 a3 40. bxa3 bxa3 41. Kh3 a2 0-1


[Site "https://www.chess.com"]

[Event "Late Titled Tuesday Blitz February 8 2022"]
[White "Timofeev, Artyom"]
[Black "Sviridov, Valery"]
[WhiteFideId "4140419"]
[BlackFideId "4120680"]
[WhiteElo "2583"]
[BlackElo "2454"]
[Result "0-1"]
[Round "05"]
[TimeControl "180+1"]
[Date "2022.02.08"]
[WhiteClock "0:00:13"]
[BlackClock "0:00:41"]

1. d4 g6 2. Nf3 Bg7 3. e4 d6 4. c3 e6 5. Bg5 Ne7 6. Nbd2 h6 7. Be3 b6 8. Bb5+ Nd7 9. O-O a6 10. Bd3 Bb7 11. Re1 O-O 12. Nf1 f5 13. Qb3 d5 14. exd5 Nxd5 15. Rad1 Kh7 16. Bc1 Qf6 17. c4 Ne7 18. Be2 Rad8 19. Bf4 Rc8 20. h4 Bxf3 21. Bxf3 Qxh4 22. Rxe6 Qxf4 23. Rxe7 Nf6 24. c5 Rfe8 25. Rxe8 Rxe8 26. cxb6 cxb6 27. Qxb6 g5 28. Ng3 g4 29. Be2 Ne4 30. Nxe4 Rxe4 31. Bd3 Bxd4 32. Qb7+ Kg6 33. Qc6+ Kg5 34. Qc2 Re5 35. Kf1 g3 36. Qd2 Be3 37. Qe2 Bxf2 38. Qf3 Qh4 0-1


[Site "https://www.chess.com"]

[Event "Late Titled Tuesday Blitz February 8 2022"]
[White "Triapishko, Alexandr"]
[Black "Solon, Nathan"]
[WhiteFideId "14122286"]
[BlackFideId "2017229"]
[WhiteElo "2479"]
[BlackElo "2559"]
[Result "1/2-1/2"]
[Round "05"]
[TimeControl "180+1"]
[Date "2022.02.08"]
[WhiteClock "0:00:24"]
[BlackClock "0:00:21"]

1. e4 c5 2. Nf3 d6 3. d4 cxd4 4. Nxd4 Nf6 5. Nc3 a6 6. Be3 e5 7. Nde2 Be6 8. Ng3 h5 9. Be2 h4 10. Nf1 Nbd7 11. Bg5 Rc8 12. Ne3 Qa5 13. Bxf6 Nxf6 14. O-O h3 15. g3 Rxc3 16. bxc3 Nxe4 17. c4 Nc3 18. Qd2 Nxe2+ 19. Qxe2 Qc5 20. Rab1 Qc6 21. f4 exf4 22. Rxf4 Be7 23. Nf5 Bf6 24. Rxb7 O-O 25. Ne7+ Bxe7 26. Rxe7 Rb8 27. Rxe6 Rb1+ 28. Rf1 Rxf1+ 29. Kxf1 Qh1+ 30. Kf2 Qxh2+ 31. Kf3 Qh1+ 32. Kg4 fxe6 33. Qxe6+ Kh7 34. Qf5+ Kg8 35. Qc8+ Kh7 36. Qf5+ Kh8 37. Qh5+ Kg8 38. Qxh3 Qe4+ 39. Kg5 Qxc4 40. Qf5 Qxa2 41. Qc8+ Kh7 42. Qh3+ Kg8 43. Qc8+ Kh7 44. Qh3+ Kg8 45. Qc8+ 1/2-1/2


[Site "https://www.chess.com"]

[Event "Late Titled Tuesday Blitz February 8 2022"]
[White "Vargas Pereda, Jesus Manue"]
[Black "Xie, Bryan"]
[WhiteFideId "5115710"]
[BlackFideId "30941296"]
[WhiteElo "1748"]
[BlackElo "1899"]
[Result "0-1"]
[Round "05"]
[TimeControl "180+1"]
[Date "2022.02.09"]
[WhiteClock "0:00:35"]
[BlackClock "0:01:38"]

1. d4 Nf6 2. Nf3 e6 3. Bf4 b6 4. e3 Bb7 5. Bd3 Be7 6. O-O Nh5 7. Be5 d6 8. Bg3 Nxg3 9. hxg3 Nd7 10. c4 c5 11. Nc3 Rc8 12. d5 exd5 13. Nxd5 Bxd5 14. cxd5 O-O 15. e4 c4 16. Bc2 Bf6 17. Rb1 Nc5 18. b4 cxb3 19. Bxb3 Nxe4 20. Rc1 Nc3 21. Qd3 Re8 22. Rce1 Qd7 23. Nd4 Bxd4 24. Qxd4 Ne2+ 25. Rxe2 Rxe2 0-1


[Site "https://www.chess.com"]

[Event "Late Titled Tuesday Blitz February 8 2022"]
[White "Yang, Cayden"]
[Black "Indjic, Aleksandar"]
[WhiteFideId "30967260"]
[BlackFideId "911925"]
[WhiteElo "2634"]
[BlackElo "2616"]
[Result "0-1"]
[Round "05"]
[TimeControl "180+1"]
[Date "2022.02.08"]
[WhiteClock "0:00:16"]
[BlackClock "0:00:13"]

1. Nf3 g6 2. e4 Bg7 3. d4 c6 4. Nc3 d6 5. h3 Nd7 6. Be3 b5 7. a4 b4 8. Ne2 a5 9. Ng3 Bb7 10. Bd3 Ngf6 11. O-O O-O 12. Re1 c5 13. c3 Qb8 14. Qd2 c4 15. Bxc4 Nxe4 16. Nxe4 Bxe4 17. Ng5 Bc6 18. Bf4 Nb6 19. Bb3 Bd5 20. Qd1 e6 21. Ne4 Bxe4 22. Rxe4 Qb7 23. Re1 d5 24. cxb4 axb4 25. Bd6 Rfc8 26. Bxb4 Nc4 27. Bc3 Rab8 28. Bxc4 Rxc4 29. a5 Qa6 30. Ra4 Rc6 31. Qa1 Bf8 32. Qa2 h5 33. Qa1 Bd6 34. Qd1 h4 35. Qe2 Qxe2 36. Rxe2 Rxc3 37. g3 Rc1+ 38. Kg2 hxg3 39. a6 gxf2 40. Rxf2 Rc7 41. b4 Ra7 42. Rb2 Rb5 43. Rc2 Rxb4 44. Rxb4 Bxb4 45. Rc6 Kg7 46. Kf3 g5 47. Kg4 Kg6 48. Kf3 Bf8 49. Kg4 Bg7 50. h4 gxh4 51. Kxh4 Bxd4 52. Kg4 Kf6 53. Kf3 Ra8 54. Ke2 Ke5 55. Kd3 f5 56. Rc8 Rxc8 0-1


[Site "https://www.chess.com"]

[Event "Late Titled Tuesday Blitz February 8 2022"]
[White "Yang, Qindong"]
[Black "Ambartsumova, Karina"]
[WhiteFideId "8603758"]
[BlackFideId "4166299"]
[WhiteElo "2101"]
[BlackElo "2262"]
[Result "1-0"]
[Round "05"]
[TimeControl "180+1"]
[Date "2022.02.09"]
[WhiteClock "0:00:07"]
[BlackClock "0:00:07"]

1. d4 Nf6 2. c4 g6 3. Nf3 Bg7 4. g3 O-O 5. Bg2 d6 6. O-O c6 7. Nc3 Bf5 8. Ne1 Be6 9. d5 cxd5 10. cxd5 Bd7 11. Nd3 b5 12. e4 Ne8 13. Be3 a5 14. Qd2 b4 15. Ne2 Nc7 16. Rfc1 Nb5 17. Rc4 Na6 18. Rac1 Qb8 19. Bh6 Qb7 20. Bxg7 Kxg7 21. e5 Bf5 22. e6 Rac8 23. exf7 Rxc4 24. Rxc4 Rxf7 25. Nef4 Qd7 26. Qe3 Nac7 27. h3 Bxd3 28. Qxd3 Qf5 29. Be4 Qe5 30. Qd2 Rf6 31. Nd3 Qh5 32. Nf4 Qe5 33. Nd3 Qh5 34. Nf4 Qh6 35. h4 g5 36. hxg5 Qxg5 37. Qe2 Rh6 38. Bg2 Qe5 39. Re4 Qf6 40. Rxe7+ Kg8 41. Rd7 Qf8 42. Re7 Rf6 43. Qg4+ Kh8 44. Rd7 Rf7 45. Rxf7 Qxf7 46. Qc8+ Qg8 47. Qd7 Qg7 48. Qd8+ Qg8 49. Qf6+ Qg7 50. Qf5 Qxb2 51. Qf8# 1-0


[Site "https://www.chess.com"]

[Event "Late Titled Tuesday Blitz February 8 2022"]
[White "Zhigalko, Sergei"]
[Black "Goryachkina, Aleksandra"]
[WhiteFideId "13502956"]
[BlackFideId "4147103"]
[WhiteElo "2662"]
[BlackElo "2426"]
[Result "1-0"]
[Round "05"]
[TimeControl "180+1"]
[Date "2022.02.08"]
[WhiteClock "0:00:19"]
[BlackClock "0:00:17"]

1. e4 c5 2. Nf3 e6 3. c3 Nf6 4. e5 Nd5 5. Bc4 d6 6. d4 cxd4 7. cxd4 Nc6 8. O-O Be7 9. Bd2 O-O 10. Nc3 Nxc3 11. Bxc3 dxe5 12. dxe5 a6 13. Bd3 b5 14. Qe2 Bb7 15. Rad1 Qb6 16. Qe4 g6 17. Qf4 Rad8 18. Qh6 Rd5 19. Be4 Rxd1 20. Rxd1 b4 21. Bd2 Rd8 22. Ng5 Bxg5 23. Qxg5 Qd4 24. Bxc6 Bxc6 25. h3 Bb5 26. Qf6 1-0


[Site "https://www.chess.com"]

[Event "Late Titled Tuesday Blitz February 8 2022"]
[White "Zhou, Qiyu"]
[Black "Kashefi, Amir Hosein"]
[WhiteFideId "505161"]
[BlackFideId "12557935"]
[WhiteElo "1925"]
[BlackElo "2098"]
[Result "0-1"]
[Round "05"]
[TimeControl "180+1"]
[Date "2022.02.09"]
[WhiteClock "0:01:23"]
[BlackClock "0:01:33"]

1. e4 c6 2. d4 d5 3. e5 Bf5 4. Nf3 e6 5. Be2 Ne7 6. O-O Nd7 7. a4 a6 8. a5 Bg6 9. Nbd2 Nf5 10. Nb3 c5 11. c3 Be7 12. Be3 O-O 13. Nbd2 b5 14. axb6 Qxb6 15. b3 cxd4 16. Nxd4 Nxe3 17. fxe3 Bg5 18. Kh1 Bxe3 19. N2f3 Rfc8 20. c4 dxc4 21. bxc4 Nxe5 22. Nc2 Rd8 0-1


[Site "https://www.chess.com"]

[Event "Late Titled Tuesday Blitz February 8 2022"]
[White "Zierk, Steven"]
[Black "Wachinger, Guenther"]
[WhiteFideId "2034255"]
[BlackFideId "4604261"]
[WhiteElo "2494"]
[BlackElo "2212"]
[Result "1-0"]
[Round "05"]
[TimeControl "180+1"]
[Date "2022.02.09"]
[WhiteClock "0:01:27"]
[BlackClock "0:00:09"]

1. e4 c5 2. Nf3 d6 3. d4 cxd4 4. Nxd4 Nf6 5. f3 g6 6. c4 Bg7 7. Nc3 O-O 8. Be3 Nc6 9. Qd2 a5 10. Be2 a4 11. O-O Qa5 12. Rac1 Nxd4 13. Bxd4 Be6 14. Qe3 Rfc8 15. Nd5 Bxd5 16. exd5 Re8 17. Bb6 Qb4 18. a3 Qxb2 19. Bd4 Qb3 20. Rc3 Qb2 21. Qd3 Nxd5 22. cxd5 Bxd4+ 23. Qxd4 Qxe2 24. Re3 Qb5 25. Rfe1 Qd7 26. h4 h5 27. g4 hxg4 28. fxg4 e5 29. dxe6 Rxe6 30. h5 Rae8 31. h6 f6 32. Rxe6 Rxe6 33. Qd5 1-0


[Site "https://www.chess.com"]